Map: Oceanborn LE

Players

Djoker - Winner!

  • Race: Terran Terran
  • League: Diamond
  • Spawn Location: 11:00

floski

  • Race: Terran Terran
  • League: Diamond
  • Spawn Location: 5:00

VOD

Have the link to the VOD?

Description

ctl season 30

Time

  • Played on: March 10, 2024, 1:14 p.m.
  • Length: 4:53
Show
View Real Time Build Order
Export as new Build Order

Djoker Terran - Winner!

Build Orders:  

Get SALT Encoding   

  12  0:00  SCV  
  13  0:12  SCV  
  14  0:17  Supply Depot  
  14  0:24  SCV  
  15  0:38  SCV  
  15  0:40  Barracks  
  16  0:45  Refinery  
  16  0:50  Refinery  
  16  1:02  SCV  
  17  1:15  SCV  
  18  1:28  Supply Depot  
  18  1:29  Orbital Command  
  18  1:33  Barracks Reactor  
  18  1:53  Factory  
  18  2:08  SCV  
  18  2:11  Marine x2  
  21  2:20  SCV  
  22  2:29  Marine x2  
  24  2:38  Factory Tech Lab  
  24  2:40  Starport  
  24  2:41  SCV, Supply Depot  
  26  2:53  SCV  
  26  2:56  Siege Tank  
  29  3:07  Supply Depot  
  29  3:09  SCV  
  30  3:17  Starport Reactor  
  30  3:25  Marine x2  
  30  3:26  SCV  
  33  3:29  Siege Tank  
  36  3:40  Supply Depot  
  36  3:53  Viking  
  36  3:54  Viking  
  40  4:01  Siege Tank  
  43  4:09  Marine x2  
  34  4:38  SCV  
Show
View Real Time Build Order
Export as new Build Order

floski Terran 

Build Orders: 2 Factory, Cyclone Opening 

Get SALT Encoding   

  12  0:00  SCV  
  13  0:12  SCV  
  14  0:17  Supply Depot  
  14  0:25  SCV  
  15  0:38  SCV  
  16  0:43  Barracks  
  16  0:46  Refinery  
  16  0:50  Refinery  
  16  0:53  SCV  
  17  1:05  SCV  
  18  1:17  SCV  
  19  1:34  Factory  
  19  1:36  Orbital Command  
  19  1:41  Barracks Reactor  
  19  2:02  SCV  
  19  2:06  Supply Depot  
  20  2:15  SCV  
  21  2:19  Factory  
  21  2:27  Cyclone x2  
  25  2:35  SCV  
  26  2:42  Supply Depot  
  26  2:49  SCV  
  27  2:58  Barracks Reactor  
  27  2:59  Cyclone x2  
  27  3:04  Cyclone  
  33  3:09  Supply Depot  
  33  3:31  Cyclone  
  33  3:32  Cyclone  
  37  3:43  Cyclone x2  
  37  3:45  SCV  
  42  4:03  Cyclone  
  44  4:17  Cyclone  
Tags
 
Add a new tag
Caveats
  • Supply blocks, unpowered buildings, or Contaminate may cause inaccurate times.
  • Supply counts are checked every 10 seconds.